 Dungeon Crawl Stone Soup version 0.20.0-6-gd3061e9 (webtiles) character file.

6337 ghjk the Cleaver (level 10, 0/88 HPs)
             Began as a Minotaur Fighter on May 28, 2017.
             Was an Elder of Okawaru.
             Succumbed to a meliai's poison
             ... on level 12 of the Dungeon.
             The game lasted 00:15:27 (9094 turns).

ghjk the Cleaver (Minotaur Fighter)                 Turns: 9094, Time: 00:15:28

Health: 0/88       AC:  8    Str: 22    XL:     10   Next: 64%
Magic:  9/9        EV: 13    Int:  5    God:    Okawaru [****..]
Gold:   672        SH: 10    Dex: 12    Spells: 9/9 levels left

rFire    . . .     SeeInvis .   a - +1 war axe
rCold    . . .     Gourm    .   c - +1 shield
rNeg     . . .     Faith    .   b - +0 scale mail
rPois    +         Spirit   .   (helmet restricted)
rElec    .         Reflect  .   (no cloak)
rCorr    .         Harm     .   (no gloves)
MR       .....                  (no boots)
Stlth    ..........             (no amulet)
Regen    0.3/turn               B - ring of poison resistance
MPRegen  0.2/turn               v - +4 ring of evasion

@: lethally poisoned (0 -> -24), drained
A: retaliatory headbutt, horns 2
a: Heroism, Renounce Religion


You were on level 12 of the Dungeon.
You worshipped Okawaru.
Okawaru was greatly pleased with you.
You were not hungry.

You visited 2 branches of the dungeon, and saw 13 of its levels.
You also visited: Sewer and Bailey.

You collected 972 gold pieces.
You spent 300 gold pieces at shops.

Inventory:

Hand Weapons
 a - a +1 war axe (weapon)
 z - a cursed +2 battleaxe
 A - a cursed +3 battleaxe
 M - a +1 mace of protection
Armour
 b - a +0 scale mail (worn)
 c - a +1 shield (worn)
Jewellery
 j - an uncursed ring of positive energy
 v - a +4 ring of evasion (right hand)
 B - a ring of poison resistance (left hand)
 E - an uncursed ring of protection from fire
Wands
 k - a wand of acid (6/15)
 s - a wand of disintegration (20/24)
 x - a wand of random effects (16/48)
 y - a wand of paralysis (14/24)
 F - a wand of paralysis (7/24)
 H - a wand of enslavement (15/24)
Scrolls
 e - 2 scrolls of blinking
 m - 2 scrolls of enchant weapon
 t - 5 scrolls of teleportation
 w - 2 scrolls of remove curse
 C - a scroll of acquirement {unknown}
 J - a scroll of identify
 N - a scroll of magic mapping
Potions
 g - 2 potions of lignification
 i - 3 potions of heal wounds {unknown}
 n - 3 potions of flight {unknown}
 o - a potion of cancellation {unknown}
 p - 2 potions of invisibility
 q - 4 potions of curing
 r - a potion of might
 u - 2 potions of magic {unknown}
 G - 2 potions of brilliance {unknown}
Books
 d - a book of Callings

   Spells                             Type                      Level
   a - Summon Small Mammal            Summoning                    1
   b - Call Imp                       Summoning                    2
   c - Call Canine Familiar           Summoning                    3
   d - Summon Guardian Golem          Hexes/Summoning              3
   e - Summon Lightning Spire         Summoning/Air                4
   f - Summon Ice Beast               Ice/Summoning                4
 D - a book of Debilitation

   Spells                             Type                      Level
   a - Corona                         Hexes                        1
   b - Slow                           Hexes                        2
   c - Inner Flame                    Hexes/Fire                   3
   d - Portal Projectile              Hexes/Translocation          3
   e - Cause Fear                     Hexes                        4
   f - Leda's Liquefaction            Hexes/Earth                  4
Comestibles
 f - 11 bread rations
 h - 4 royal jellies
 l - 6 meat rations
 I - 4 fruits


   Skills:
 + Level 8.2(7.7) Fighting
 * Level 14.8(14.2) Axes
 + Level 8.1(7.7) Armour
 + Level 4.2(3.8) Dodging
 - Level 4.3(3.9) Shields


You had 9 spell levels left.
You didn't know any spells.

Dungeon Overview and Level Annotations

Branches:
Dungeon (13/15)            Temple (1/1) D:6
   Lair: D:8-11         Orc: D:9-12      Vaults: D:13-14

Altars:
Ashenzari
Cheibriados
Dithmenos
Elyvilon
Fedhas
Gozag
Hepliaklqana
Kikubaaqudgha
Makhleb
Nemelex Xobeh
Okawaru
Qazlal
Ru
Sif Muna
Trog
Uskayaw
Vehumet
Xom
Yredelemnul
Zin
The Shining One

Shops:
D:5 =   D:6 *   D:7 *}

Annotations:
D:3 exclusion: oklob plant


Innate Abilities, Weirdness & Mutations

You reflexively headbutt those who attack you in melee.
You have a pair of horns on your head.


Message History

The meliai closely misses you. The meliai stings you.
You block the meliai's attack. The meliai stings you. The meliai misses you.
You block the meliai's attack.
There is a stone staircase leading up here.
The meliai hits you with a hand axe. The meliai barely misses you.
You block the meliai's attack. The meliai stings you.
You are poisoned.
The meliai poisons you! The meliai misses you. The meliai stings you!
The meliai barely misses you. The meliai closely misses you.
The meliai hits you with a war axe!
* * * LOW HITPOINT WARNING * * *
The meliai stings you.
* * * LOW HITPOINT WARNING * * *
You are more poisoned.
The meliai poisons you! The meliai closely misses you. The meliai stings you!
* * * LOW HITPOINT WARNING * * *
You climb upwards.
The tengu conjurer shouts!
The tengu warrior shouts!
A vampire comes into view.
You die...

#......Q..Q+
+..........#
#.........>#
#.........V#
#..........#
#....<.....#
#......yy..#
#......@...#
#.......y..#
############


You could see a tengu warrior, a vampire, a tengu conjurer and 3 meliai.

Vanquished Creatures
  A two-headed ogre (D:8)
  A jumping spider (shapeshifter) (D:13)
  Prince Ribbit (D:7)
  A hippogriff (D:10)
  Sigmund (D:3)
  A wyvern (D:10)
  A spriggan (D:7)
  2 hungry ghosts
  Menkaure (D:5)
  The ghost of MTVSty1e the Caller, an amateur TeSu (Sewer)
  A soldier ant (D:10)
  3 orc warriors (Bailey)
  3 ice beasts
  2 sky beasts
  2 ogres
  2 black bears
  2 phantoms
  A crocodile (D:9)
  3 centaurs
  3 big kobolds
  2 bullfrogs
  A water moccasin zombie (D:7)
  4 scorpions
  5 wights
  5 howler monkeys
  3 crimson imps
  A centaur zombie (D:9)
  4 hounds
  3 jellies
  3 orc priests
  2 centaur skeletons
  4 orc wizards
  An iguana (D:4)
  Natasha (D:2)
  9 worker ants
  16 adders
  A river rat (Sewer)
  2 shadow imps
  8 oozes
  An adder skeleton (D:8)
  3 worms
  3 dart slugs
  5 leopard geckos
  15 orcs
  9 ball pythons
  3 bats
  2 giant cockroaches
  9 goblins
  7 hobgoblins
  14 jackals
  6 quokkas
  5 frilled lizards
  23 kobolds
  12 rats
225 creatures vanquished.

Notes
Turn   | Place    | Note
-------+----------+-------------------------------------------
     0 | D:1      | ghjk the Minotaur Fighter began the quest for the Orb.
     0 | D:1      | Reached XP level 1. HP: 19/19 MP: 0/0
   119 | D:1      | Reached XP level 2. HP: 19/27 MP: 1/1
   702 | D:2      | Reached XP level 3. HP: 31/33 MP: 2/2
   861 | D:2      | Reached skill level 3 in Axes
   959 | D:2      | Reached XP level 4. HP: 24/40 MP: 3/3
  1341 | D:2      | Noticed Natasha
  1349 | D:2      | Killed Natasha
  1410 | D:2      | Reached skill level 4 in Axes
  1844 | D:3      | Reached XP level 5. HP: 40/47 MP: 4/4
  1952 | D:3      | Found a blossoming altar of Fedhas.
  1964 | D:3      | Noticed an oklob plant
  2114 | D:3      | Noticed Sigmund
  2121 | D:3      | Killed Sigmund
  2121 | D:3      | Reached skill level 5 in Axes
  2121 | D:3      | Reached skill level 1 in Dodging
  2121 | D:3      | Reached XP level 6. HP: 53/53 MP: 5/5
  2715 | D:4      | Reached skill level 6 in Axes
  2721 | D:4      | Reached skill level 5 in Armour
  2909 | D:4      | Reached skill level 7 in Axes
  2909 | D:4      | Reached XP level 7. HP: 52/60 MP: 6/6
  3165 | D:4      | Reached skill level 5 in Fighting
  3437 | D:5      | Entered Level 5 of the Dungeon
  3496 | D:5      | Noticed Menkaure
  3503 | D:5      | Killed Menkaure
  3503 | D:5      | Reached skill level 8 in Axes
  3504 | D:5      | Found Zafosch's Jewellery Shoppe.
  3605 | D:5      | Found a glowing drain.
  3619 | Sewer    | Entered a sewer
  3624 | Sewer    | Noticed MTVSty1e's ghost (amateur TeSu)
  3633 | Sewer    | Killed MTVSty1e's ghost
  3803 | Sewer    | Reached skill level 9 in Axes
  3803 | Sewer    | Reached XP level 8. HP: 51/68 MP: 7/7
  4081 | D:5      | Reached skill level 10 in Axes
  4566 | D:6      | Found a staircase to the Ecumenical Temple.
  4602 | Temple   | Entered the Ecumenical Temple
  4711 | Temple   | Became a worshipper of Warmaster Okawaru
  4881 | D:6      | Reached * piety under Okawaru
  4881 | D:6      | Reached skill level 11 in Axes
  4960 | D:6      | Found Xocoim's Assorted Antiques.
  5091 | D:6      | Reached XP level 9. HP: 74/75 MP: 8/8
  5607 | D:7      | Noticed Prince Ribbit
  5761 | D:7      | Found Zontysee's Gadget Boutique.
  5848 | D:7      | Found Lagg's Serpentskin Sales.
  5856 | D:7      | Bought an uncursed ring of poison resistance for 300 gold pieces
  5903 | D:7      | Reached ** piety under Okawaru
  5974 | D:7      | Reached skill level 12 in Axes
  6300 | D:7      | Killed Prince Ribbit
  6474 | D:8      | Found a flagged portal.
  6496 | Bailey   | Entered a bailey
  6743 | Bailey   | Reached skill level 13 in Axes
  6803 | Bailey   | Found an iron altar of Okawaru.
  6985 | D:8      | Noticed a two-headed ogre
  7272 | D:8      | Reached *** piety under Okawaru
  7322 | D:8      | Reached XP level 10. HP: 83/86 MP: 9/9
  7378 | D:8      | Found an ancient bone altar of Kikubaaqudgha.
  7454 | D:8      | Found a hide-covered altar of Uskayaw.
  7780 | D:8      | Killed a two-headed ogre
  7784 | D:8      | Found an opulent altar of Gozag.
  7784 | D:8      | Found a burning altar of Makhleb.
  7868 | D:9      | Reached skill level 14 in Axes
  8677 | D:10     | Entered Level 10 of the Dungeon
  8782 | D:10     | Reached **** piety under Okawaru
  8886 | D:10     | You fall through a shaft for 3 floors!
  9093 | D:13     | HP: 2/88 [meliai/war axe (9)]
  9094 | D:12     | Noticed a tengu warrior
  9094 | D:12     | Succumbed to a meliai's poison

Skill      XL: |  1  2  3  4  5  6  7  8  9 10 |
---------------+-------------------------------+-----
Shields        | 4 |  4.3
Fighting       | 4 5 6 7 8 |  8.2
Armour         | 4 5 6 7 8 |  8.1
Axes           | 3 4 5 7 9 11 13 14 | 14.8
Dodging        | 1 2 3 4 |  4.2

Action                   |  1- 3 |  4- 6 |  7- 9 | 10-12 || total
-------------------------+-------+-------+-------+-------++-------
Melee: War axe           |   104 |   110 |   413 |   126 ||   753
       Headbutt          |     7 |    18 |    58 |    19 ||   102
Throw: Tomahawk          |       |       |    22 |       ||    22
Invok: Heroism           |       |       |       |     1 ||     1
  Use: Scroll            |       |     5 |    10 |     1 ||    16
       Potion            |       |     1 |     2 |       ||     3
  Eat: Chunk             |       |     6 |    13 |     7 ||    26
       Royal jelly       |       |       |     1 |       ||     1
Armor: Scale mail        |    44 |    45 |    96 |    32 ||   217
Dodge: Dodged            |    25 |    42 |   160 |    43 ||   270
Block: Shield            |    46 |    53 |   221 |    61 ||   381
